[Event "45th FIDE Womens Olympiad 2024"]
[Site "Budapest"]
[Date "2024.09.13"]
[Round "3.12"]
[White "Ciolacu, Alessia-Mihaela"]
[Black "Khotenashvili, Bella"]
[Result "1-0"]
[ECO "D35"]
[WhiteElo "2160"]
[BlackElo "2432"]
[Annotator "RC"]
[PlyCount "71"]
[EventDate "2024.09.05"]
[EventType "team-tourn"]
[EventCountry "HUN"]
[SourceTitle "playchess.com"]
[Source "ChessBase"]
[SourceQuality "1"]
[WhiteTeam "Romania"]
[BlackTeam "Georgia"]
[WhiteTeamCountry "ROU"]
[BlackTeamCountry "GEO"]
[TimeControl "40/5400+30:1800+30"]

1. d4 Nf6 2. c4 e6 3. Nc3 d5 4. cxd5 exd5 5. Bg5 Bb4 6. e3 h6 7. Bxf6 Qxf6 8. Qb3 Qd6 9. a3 Bxc3+ 10. Qxc3 Bf5 11. Rc1 c6 12. Nf3 Nd7 13. Bd3 Bxd3 14. Qxd3 a5 15. O-O O-O 16. Rfe1 Rfe8 17. Nh4 a4 18. Nf5 Qe6 19. Re2 Nf6 20. Ng3 h5 21. Rce1 h4 22. Nf5 h3 23. f3 g6 24. Ng3 hxg2 25. Rxg2 Qh3 26. e4 dxe4 27. fxe4 Rad8 28. Qf3 Nh7 29. Rf1 Rf8 30. Qf4 Kh8 31. Rf3 Qd7 32. Ne2 Qe6 33. Qh6 g5 34. Qh5 Qxe4 35. Rxg5 Qxe2 36. Qxh7+ 1-0

[Event "45th FIDE Womens Olympiad 2024"]
[Site "Budapest"]
[Date "2024.09.13"]
[Round "3.12"]
[White "Karanja, Ether"]
[Black "Fathmath Zoya Hassan Saeed"]
[Result "1-0"]
[ECO "D00"]
[WhiteElo "1637"]
[BlackElo "1406"]
[Annotator "NA"]
[PlyCount "71"]
[EventDate "2024.09.05"]
[EventType "team-tourn"]
[EventCountry "HUN"]
[SourceTitle "playchess.com"]
[Source "ChessBase"]
[SourceQuality "1"]
[WhiteTeam "Kenya"]
[BlackTeam "Maldives"]
[WhiteTeamCountry "KEN"]
[BlackTeamCountry "MDV"]
[TimeControl "40/5400+30:1800+30"]

1. d4 d5 2. Bf4 c5 3. e3 Nc6 4. c3 Bf5 5. Nd2 e6 6. Ngf3 Qb6 7. b3 h6 8. Be2 Nf6 9. Ne5 Nxe5 10. dxe5 Nd7 11. c4 g5 12. Bg3 Bg7 13. f4 gxf4 14. exf4 f6 15. Bh5+ Kf8 16. cxd5 exd5 17. Nf3 Qb4+ 18. Kf2 fxe5 19. Qxd5 Ke7 20. Qf7+ Kd6 21. Rhd1+ Kc6 22. Qxf5 Nf6 23. Nxe5+ Kb5 24. Be2+ Kb6 25. Qe6+ Ka5 26. Nc4+ Kb5 27. Nb6+ Ka5 28. Nxa8 Ne4+ 29. Kf1 Bxa1 30. Rxa1 Nd2+ 31. Kf2 Qd4+ 32. Ke1 Qxa1+ 33. Kxd2 Qxa2+ 34. Ke3 Qb2 35. Be1+ Qc3+ 36. Bxc3# 1-0

[Event "45th FIDE Womens Olympiad 2024"]
[Site "Budapest"]
[Date "2024.09.13"]
[Round "3.13"]
[White "Tsolakidou, Stavroula"]
[Black "Kashlinskaya, Alina"]
[Result "1/2-1/2"]
[ECO "A23"]
[WhiteElo "2444"]
[BlackElo "2490"]
[Annotator "RC"]
[PlyCount "117"]
[EventDate "2024.09.05"]
[EventType "team-tourn"]
[EventCountry "HUN"]
[SourceTitle "playchess.com"]
[Source "ChessBase"]
[SourceQuality "1"]
[WhiteTeam "Greece"]
[BlackTeam "Poland"]
[WhiteTeamCountry "GRE"]
[BlackTeamCountry "POL"]
[TimeControl "40/5400+30:1800+30"]

1. c4 e5 2. g3 Nf6 3. Bg2 Bc5 4. Nc3 c6 5. e3 d5 6. cxd5 Nxd5 7. Nxd5 cxd5 8. Ne2 O-O 9. O-O Nc6 10. d4 exd4 11. exd4 Bb6 12. Nf4 Bxd4 13. Qb3 a5 14. a4 Ra6 15. Nxd5 Be6 16. Qxb7 Qc8 17. Qb5 Bxd5 18. Bxd5 Rb6 19. Qc4 Qd7 20. Be3 Bxe3 21. fxe3 Ne5 22. Qd4 Qd6 23. Rf5 Nd7 24. Rd1 Qg6 25. Rdf1 Rb4 26. Bxf7+ Rxf7 27. Qxd7 Qxf5 28. Qxf5 Rxf5 29. Rxf5 Rxa4 30. Kg2 Rb4 31. Rxa5 Rxb2+ 32. Kh3 Re2 33. Re5 h5 34. e4 Kf7 35. Rf5+ Kg6 36. Re5 Kf6 37. Rxh5 Rxe4 38. Ra5 Re2 39. g4 Rb2 40. Rf5+ Kg6 41. Kg3 Rb3+ 42. Rf3 Rb5 43. h4 Kh6 44. Re3 Rb6 45. Re5 Kg6 46. h5+ Kh6 47. Kh4 Rb4 48. Re6+ Kh7 49. Kg5 Rb5+ 50. Kh4 Rb4 51. Re7 Kh6 52. Re8 Kh7 53. Rf8 Ra4 54. Kg3 g6 55. Rf7+ Kg8 56. hxg6 Ra6 57. Kf4 Rxg6 58. Ra7 Rb6 59. g5 1/2-1/2

[Event "45th FIDE Womens Olympiad 2024"]
[Site "Budapest"]
[Date "2024.09.13"]
[Round "3.14"]
[White "Socko, Monika"]
[Black "Avramidou, Anastasia"]
[Result "1/2-1/2"]
[ECO "B14"]
[WhiteElo "2422"]
[BlackElo "2290"]
[Annotator "RC"]
[PlyCount "161"]
[EventDate "2024.09.05"]
[EventType "team-tourn"]
[EventCountry "HUN"]
[SourceTitle "playchess.com"]
[Source "ChessBase"]
[SourceQuality "1"]
[WhiteTeam "Poland"]
[BlackTeam "Greece"]
[WhiteTeamCountry "POL"]
[BlackTeamCountry "GRE"]
[TimeControl "40/5400+30:1800+30"]

1. d4 Nf6 2. c4 e6 3. Nc3 Bb4 4. Bd2 O-O 5. Nf3 d5 6. e3 c5 7. a3 cxd4 8. exd4 Bxc3 9. Bxc3 Ne4 10. Rc1 Nc6 11. Bd3 Nxc3 12. Rxc3 dxc4 13. Bxc4 Ne7 14. O-O Nd5 15. Bxd5 Qxd5 16. Re1 Bd7 17. Re5 Qd6 18. Ng5 f6 19. Ne4 Qe7 20. Rh5 Be8 21. Rhh3 Bg6 22. Rhe3 Rfd8 23. Nc5 e5 24. d5 Qd6 25. f3 Qxd5 26. Qxd5+ Rxd5 27. Nxb7 Rb8 28. Rb3 Bf7 29. Rb4 Rd4 30. Rc3 Rxb4 31. axb4 Rxb7 32. Rc8+ Be8 33. Rxe8+ Kf7 34. Rc8 Rxb4 35. Rc7+ Kg6 36. Rxa7 Rxb2 37. h4 Rb4 38. h5+ Kh6 39. Kf2 e4 40. g4 Rb2+ 41. Ke3 exf3 42. Kxf3 Rb1 43. Kf4 Rf1+ 44. Kg3 Rg1+ 45. Kf4 g6 46. hxg6 hxg6 47. Ra6 Rf1+ 48. Kg3 Kg5 49. Ra5+ Kh6 50. Ra6 g5 51. Ra7 Kg6 52. Rb7 Rc1 53. Kf3 Rc3+ 54. Kf2 Rc6 55. Kf3 Rc3+ 56. Kf2 Rc8 57. Kf3 Rh8 58. Ra7 Rh3+ 59. Kg2 Rh7 60. Ra6 Re7 61. Kf3 Kf7 62. Rb6 Rc7 63. Ra6 Ke7 64. Rb6 Rc3+ 65. Kf2 Rd3 66. Ra6 Rd6 67. Ra3 Rd4 68. Kf3 Ke6 69. Re3+ Kd5 70. Ra3 Rc4 71. Rd3+ Rd4 72. Ra3 Rf4+ 73. Kg3 Rc4 74. Re3 Rc6 75. Kf3 Kd4 76. Re4+ Kd3 77. Re3+ Kd2 78. Re2+ Kd1 79. Re8 Rc3+ 80. Kf2 Rc4 81. Rd8+ 1/2-1/2

[Event "45th FIDE Womens Olympiad 2024"]
[Site "Budapest"]
[Date "2024.09.13"]
[Round "3.14"]
[White "Ramas, Carmina Jasmine"]
[Black "Wahid, Chelsea"]
[Result "1-0"]
[ECO "B07"]
[WhiteElo "1712"]
[BlackElo "1482"]
[Annotator "NA"]
[PlyCount "51"]
[EventDate "2024.09.05"]
[EventType "team-tourn"]
[EventCountry "HUN"]
[SourceTitle "playchess.com"]
[Source "ChessBase"]
[SourceQuality "1"]
[WhiteTeam "Guam"]
[BlackTeam "Saint Lucia"]
[WhiteTeamCountry "GMA"]
[TimeControl "40/5400+30:1800+30"]

1. d4 Nf6 2. Bf4 g6 3. Nc3 Bg7 4. e4 d6 5. Qd2 O-O 6. Be2 Nbd7 7. O-O-O e5 8. dxe5 Nxe5 9. Bxe5 Nxe4 10. Nxe4 Bxe5 11. h4 h5 12. Nf3 Bg7 13. Kb1 Be6 14. Nfg5 Bf5 15. Ng3 Qf6 16. Qc3 Qxc3 17. bxc3 Bxc3 18. Nxf5 gxf5 19. Rd3 Be5 20. Bxh5 Kg7 21. f4 Bxf4 22. Rf3 Bxg5 23. hxg5 Rh8 24. Rxf5 Rxh5 25. Rxh5 Kg6 26. g4 1-0

[Event "45th FIDE Womens Olympiad 2024"]
[Site "Budapest"]
[Date "2024.09.13"]
[Round "3.15"]
[White "Pavlidou, Ekaterini"]
[Black "Maltsevskaya, Aleksandra"]
[Result "1-0"]
[ECO "D35"]
[WhiteElo "2141"]
[BlackElo "2404"]
[Annotator "RC"]
[PlyCount "105"]
[EventDate "2024.09.05"]
[EventType "team-tourn"]
[EventCountry "HUN"]
[SourceTitle "playchess.com"]
[Source "ChessBase"]
[SourceQuality "1"]
[WhiteTeam "Greece"]
[BlackTeam "Poland"]
[WhiteTeamCountry "GRE"]
[BlackTeamCountry "POL"]
[TimeControl "40/5400+30:1800+30"]

1. d4 d5 2. c4 e6 3. Nc3 Nf6 4. cxd5 exd5 5. Bg5 Be7 6. e3 h6 7. Bh4 Bg4 8. Qc2 O-O 9. h3 Be6 10. Nf3 c5 11. Rd1 Nc6 12. Be2 cxd4 13. Nxd4 Nxd4 14. Rxd4 Rc8 15. Bf3 Bc5 16. Rd2 Bb4 17. O-O Rc4 18. Rd4 Rxd4 19. exd4 Bxc3 20. bxc3 Qe7 21. Re1 Rd8 22. Re3 b5 23. Qe2 a6 24. Qe1 Rd6 25. Qc1 Qd8 26. Re5 Rc6 27. Bxf6 Qxf6 28. Bxd5 Bxd5 29. Rxd5 Re6 30. Kf1 Qg6 31. Rd8+ Kh7 32. d5 Re5 33. Qd1 Rg5 34. g3 Rf5 35. Qc2 h5 36. Kg1 Qg5 37. Qe4 g6 38. Qe8 Qc1+ 39. Kg2 Qxc3 40. Qg8+ Kh6 41. Qf8+ Qg7 42. Qe7 Re5 43. d6 Re6 44. Qc7 Qd4 45. Qxf7 Rf6 46. Rh8+ Kg5 47. f4+ Kf5 48. Qd7+ Ke4 49. Qe7+ Kd3 50. d7 Rc6 51. d8=Q Rc2+ 52. Kf1 Rc1+ 53. Qe1 1-0

[Event "45th FIDE Womens Olympiad 2024"]
[Site "Budapest"]
[Date "2024.09.13"]
[Round "3.16"]
[White "Kiolbasa, Oliwia"]
[Black "Makropoulou, Marina"]
[Result "1-0"]
[ECO "E53"]
[WhiteElo "2348"]
[BlackElo "2103"]
[Annotator "RC"]
[PlyCount "95"]
[EventDate "2024.09.05"]
[EventType "team-tourn"]
[EventCountry "HUN"]
[SourceTitle "playchess.com"]
[Source "ChessBase"]
[SourceQuality "1"]
[WhiteTeam "Poland"]
[BlackTeam "Greece"]
[WhiteTeamCountry "POL"]
[BlackTeamCountry "GRE"]
[TimeControl "40/5400+30:1800+30"]

1. d4 Nf6 2. c4 e6 3. Nc3 Bb4 4. e3 O-O 5. Bd3 d5 6. a3 Bxc3+ 7. bxc3 dxc4 8. Bxc4 c5 9. Nf3 Qc7 10. Be2 b6 11. Bb2 Bb7 12. O-O Rd8 13. Re1 Nc6 14. Rc1 Rac8 15. h3 h6 16. Bf1 Na5 17. c4 Qe7 18. Ne5 Nc6 19. Ng4 Nxg4 20. Qxg4 Qg5 21. dxc5 Qxg4 22. hxg4 bxc5 23. Bc3 e5 24. Red1 f6 25. Bd3 Ba6 26. Bf5 Rxd1+ 27. Rxd1 Rd8 28. Rd5 Rxd5 29. cxd5 Nd8 30. Ba5 Nb7 31. Bc7 g6 32. Bxg6 Kf8 33. d6 c4 34. Kf1 Nc5 35. Ke1 Bb5 36. Kd2 Bd7 37. f3 Be6 38. Bd8 Kg7 39. Bf5 Kf7 40. Kc3 Na4+ 41. Kb4 Bxf5 42. gxf5 c3 43. Kb3 h5 44. Ba5 c2 45. Kxc2 Ke8 46. Kb3 Nc5+ 47. Kc4 Na4 48. Kb5 1-0

[Event "45th FIDE Womens Olympiad 2024"]
[Site "Budapest"]
[Date "2024.09.13"]
[Round "3.16"]
[White "Nacario, Ruth"]
[Black "Richards, TrisAnn"]
[Result "0-1"]
[ECO "D38"]
[WhiteElo "1607"]
[BlackElo "1653"]
[Annotator "NA"]
[PlyCount "138"]
[EventDate "2024.09.05"]
[EventType "team-tourn"]
[EventCountry "HUN"]
[SourceTitle "playchess.com"]
[Source "ChessBase"]
[SourceQuality "1"]
[WhiteTeam "Guam"]
[BlackTeam "Saint Lucia"]
[WhiteTeamCountry "GMA"]
[TimeControl "40/5400+30:1800+30"]

1. d4 Nf6 2. c4 e6 3. Nc3 Bb4 4. Bg5 O-O 5. Nf3 d5 6. e3 b6 7. cxd5 exd5 8. a3 Bxc3+ 9. bxc3 Bb7 10. Bd3 Nbd7 11. h3 Qe8 12. Bf4 Ne4 13. Qc2 c5 14. O-O c4 15. Be2 h6 16. Nd2 Ndf6 17. Be5 Nxd2 18. Qxd2 Ne4 19. Qc1 Qe7 20. f3 Ng5 21. Qe1 Qe6 22. Qg3 Qg6 23. Kh1 Ne6 24. Qe1 f6 25. Bd6 Rfe8 26. Bd1 Rad8 27. Bh2 Nf8 28. Ba4 Re6 29. Bc7 Ra8 30. Ra2 Bc6 31. Bc2 Qe8 32. e4 dxe4 33. fxe4 Bxe4 34. Bxe4 Rxe4 35. Qg3 Re3 36. Qg4 Qg6 37. Qf4 Rxc3 38. Qd6 Qe4 39. Raf2 Rd3 40. Rf4 Qe6 41. Qb4 Rc8 42. Bd6 Qe3 43. Re1 Qd2 44. Qb1 Rxd4 45. Rxd4 Qxd4 46. Rd1 Qc3 47. Bb4 Qg3 48. Be1 Qxa3 49. Qf5 Qa6 50. Bc3 Qb7 51. Qg4 Kh8 52. Rf1 Qd7 53. Qe2 Qd3 54. Qxd3 cxd3 55. Bd2 Ng6 56. g3 Ne5 57. Kg2 Rc2 58. Rf2 a5 59. g4 a4 60. Kg3 a3 61. Kf4 a2 62. Rf1 Rxd2 63. Ke3 Re2+ 64. Kd4 d2 65. Rd1 Re1 66. Rxd2 a1=Q+ 67. Kd5 Qa5+ 68. Ke6 Qxd2 69. Ke7 Qd7+ 0-1

[Event "45th FIDE Womens Olympiad 2024"]
[Site "Budapest"]
[Date "2024.09.13"]
[Round "3.17"]
[White "Zhu, Jiner"]
[Black "Brunello, Marina"]
[Result "1-0"]
[ECO "B12"]
[WhiteElo "2487"]
[BlackElo "2348"]
[Annotator "RC"]
[PlyCount "97"]
[EventDate "2024.09.05"]
[EventType "team-tourn"]
[EventCountry "HUN"]
[SourceTitle "playchess.com"]
[Source "ChessBase"]
[SourceQuality "1"]
[WhiteTeam "China"]
[BlackTeam "Italy"]
[WhiteTeamCountry "CHN"]
[BlackTeamCountry "ITA"]
[TimeControl "40/5400+30:1800+30"]

1. e4 c6 2. d4 d5 3. e5 Bf5 4. Nf3 e6 5. Be2 Nd7 6. O-O a5 7. Ne1 Ne7 8. c3 c5 9. Na3 Nc6 10. Nb5 a4 11. Be3 c4 12. Na3 b5 13. g4 Be4 14. f3 Bg6 15. f4 Be4 16. Bf3 Bxf3 17. Qxf3 Bxa3 18. bxa3 Qe7 19. Nc2 h5 20. Rab1 Na7 21. f5 g6 22. fxg6 fxg6 23. g5 Rf8 24. Qg2 O-O-O 25. Rf6 Nxf6 26. gxf6 Qh7 27. h4 Kb7 28. Rf1 Nc6 29. Ne1 Rd7 30. Nf3 Nd8 31. Ng5 Qg8 32. Qb2 Ka6 33. Qb4 Re8 34. Qc5 Rb7 35. Kh2 Nf7 36. Nh3 Rc8 37. Qb4 Re8 38. Rg1 Nh8 39. Qb1 Qf7 40. Bh6 Rg8 41. Ng5 Qe8 42. Bg7 Rc7 43. Bxh8 Rxh8 44. Nh3 Rg8 45. Nf4 Rf7 46. Rxg6 Rxg6 47. Qxg6 Qf8 48. Nxe6 Qxa3 49. Qxf7 1-0

[Event "45th FIDE Womens Olympiad 2024"]
[Site "Budapest"]
[Date "2024.09.13"]
[Round "3.17"]
[White "Magno, Angelica"]
[Black "Sele, Timea"]
[Result "1/2-1/2"]
[ECO "D37"]
[WhiteElo "1544"]
[BlackElo "1699"]
[Annotator "NA"]
[PlyCount "82"]
[EventDate "2024.09.05"]
[EventType "team-tourn"]
[EventCountry "HUN"]
[SourceTitle "playchess.com"]
[Source "ChessBase"]
[SourceQuality "1"]
[WhiteTeam "Palau"]
[BlackTeam "Liechtenstein"]
[WhiteTeamCountry "PAL"]
[BlackTeamCountry "LIE"]
[TimeControl "40/5400+30:1800+30"]

1. d4 d5 2. Nf3 Nf6 3. c4 e6 4. Nc3 Be7 5. Bf4 O-O 6. e3 b6 7. Be2 dxc4 8. O-O Bb7 9. Bxc4 Nbd7 10. Qe2 Nh5 11. Bg3 Nxg3 12. hxg3 c5 13. Rad1 cxd4 14. Rxd4 Bf6 15. Rd2 Qc7 16. Rfd1 Rfd8 17. Bb5 Nc5 18. Bc4 Bxc3 19. bxc3 Ne4 20. Rxd8+ Rxd8 21. Rxd8+ Qxd8 22. Qc2 Qc7 23. Bd3 Nxc3 24. Bxh7+ Kf8 25. Bd3 Nd5 26. Qb2 Qc3 27. Qe2 Nb4 28. Bc4 Bd5 29. Bxd5 Nxd5 30. Ng5 Qc6 31. Qf3 Qd7 32. e4 Nf6 33. e5 Nd5 34. Qh5 Ke7 35. Qxf7+ Kd8 36. Nxe6+ Kc8 37. Qf8+ Kb7 38. Qxg7 Ne7 39. Nf8 Qd1+ 40. Kh2 Qh5+ 41. Kg1 Qd1+ 1/2-1/2

[Event "45th FIDE Womens Olympiad 2024"]
[Site "Budapest"]
[Date "2024.09.13"]
[Round "3.18"]
[White "Zimina, Olga"]
[Black "Song, Yuxin"]
[Result "1/2-1/2"]
[ECO "A46"]
[WhiteElo "2302"]
[BlackElo "2373"]
[Annotator "RC"]
[PlyCount "67"]
[EventDate "2024.09.05"]
[EventType "team-tourn"]
[EventCountry "HUN"]
[SourceTitle "playchess.com"]
[Source "ChessBase"]
[SourceQuality "1"]
[WhiteTeam "Italy"]
[BlackTeam "China"]
[WhiteTeamCountry "ITA"]
[BlackTeamCountry "CHN"]
[TimeControl "40/5400+30:1800+30"]

1. d4 Nf6 2. Nf3 e6 3. g3 b5 4. e3 a6 5. a4 b4 6. Bg2 Bb7 7. O-O c5 8. c4 bxc3 9. bxc3 Be7 10. Ba3 Qc7 11. Nbd2 d6 12. Rb1 Nbd7 13. Re1 Bc6 14. e4 Qa5 15. Nc4 Qxa4 16. Qxa4 Bxa4 17. e5 dxe5 18. Nfxe5 Rc8 19. Nxd7 Nxd7 20. d5 Bb5 21. dxe6 fxe6 22. Nd2 e5 23. c4 Bc6 24. Bxc6 Rxc6 25. Rb7 Bd8 26. Ne4 Rc7 27. Reb1 O-O 28. Rxc7 Bxc7 29. Rb7 Rc8 30. Nxc5 Nxc5 31. Bxc5 Ba5 32. Bd6 Bc3 33. c5 Bd4 34. Ra7 1/2-1/2

[Event "45th FIDE Womens Olympiad 2024"]
[Site "Budapest"]
[Date "2024.09.13"]
[Round "3.19"]
[White "Guo, Qi"]
[Black "Gueci, Tea"]
[Result "1-0"]
[ECO "D37"]
[WhiteElo "2367"]
[BlackElo "2199"]
[Annotator "RC"]
[PlyCount "67"]
[EventDate "2024.09.05"]
[EventType "team-tourn"]
[EventCountry "HUN"]
[SourceTitle "playchess.com"]
[Source "ChessBase"]
[SourceQuality "1"]
[WhiteTeam "China"]
[BlackTeam "Italy"]
[WhiteTeamCountry "CHN"]
[BlackTeamCountry "ITA"]
[TimeControl "40/5400+30:1800+30"]

1. d4 d5 2. c4 e6 3. Nc3 h6 4. Nf3 Nf6 5. g3 Nc6 6. Ne5 Nxe5 7. dxe5 Nd7 8. cxd5 Nxe5 9. Qa4+ Nd7 10. dxe6 fxe6 11. Bh3 Qf6 12. Qc4 Nb6 13. Qxc7 Bb4 14. O-O O-O 15. Be3 Rf7 16. Qf4 Bxc3 17. bxc3 Qxc3 18. Qh4 Bd7 19. Rad1 Nd5 20. Bd4 Qc7 21. e4 Nf6 22. Bxf6 Rxf6 23. e5 Rf7 24. Rd6 Re8 25. Qd4 Rfe7 26. Qxa7 Kh8 27. Bg2 Bb5 28. Rb1 Ba6 29. Qd4 Rc8 30. Rd1 Bc4 31. Rc1 b5 32. a4 Qa7 33. Qxa7 Rxa7 34. axb5 1-0

[Event "45th FIDE Womens Olympiad 2024"]
[Site "Budapest"]
[Date "2024.09.13"]
[Round "3.20"]
[White "Sedina, Elena"]
[Black "Lu, Miaoyi"]
[Result "0-1"]
[ECO "B30"]
[WhiteElo "2196"]
[BlackElo "2438"]
[Annotator "RC"]
[PlyCount "72"]
[EventDate "2024.09.05"]
[EventType "team-tourn"]
[EventCountry "HUN"]
[SourceTitle "playchess.com"]
[Source "ChessBase"]
[SourceQuality "1"]
[WhiteTeam "Italy"]
[BlackTeam "China"]
[WhiteTeamCountry "ITA"]
[BlackTeamCountry "CHN"]
[TimeControl "40/5400+30:1800+30"]

1. e4 c5 2. Nf3 Nc6 3. Bb5 Nf6 4. Nc3 d6 5. e5 Nd7 6. exd6 e5 7. Bxc6 bxc6 8. d3 Bxd6 9. Nd2 O-O 10. Nc4 Bc7 11. O-O f5 12. f4 Ba6 13. b3 Nf6 14. Ne2 Bxc4 15. bxc4 Re8 16. Rb1 exf4 17. Bxf4 Ng4 18. Qd2 Rxe2 19. Qxe2 Qd4+ 20. Kh1 Bxf4 21. Qe6+ Kh8 22. Qxc6 Rf8 23. g3 Bd6 24. Qf3 Qf6 25. Rfe1 Qh6 26. Re2 Qh5 27. Rf1 h6 28. Qg2 Be5 29. Rfe1 f4 30. gxf4 Rxf4 31. Qa8+ Kh7 32. Rg2 Nxh2 33. Rxh2 Rh4 34. Qe4+ Rxe4 35. Rxh5 Rxe1+ 36. Kg2 Kg6 0-1

[Event "45th FIDE Womens Olympiad 2024"]
[Site "Budapest"]
[Date "2024.09.13"]
[Round "3.21"]
[White "Efroimski, Marsel"]
[Black "Osmak, Yuliia"]
[Result "1/2-1/2"]
[ECO "B22"]
[WhiteElo "2408"]
[BlackElo "2471"]
[Annotator "RC"]
[PlyCount "199"]
[EventDate "2024.09.05"]
[EventType "team-tourn"]
[EventCountry "HUN"]
[SourceTitle "playchess.com"]
[Source "ChessBase"]
[SourceQuality "1"]
[WhiteTeam "Israel"]
[BlackTeam "Ukraine"]
[WhiteTeamCountry "ISR"]
[BlackTeamCountry "UKR"]
[TimeControl "40/5400+30:1800+30"]

1. e4 c5 2. c3 d5 3. exd5 Qxd5 4. d4 Nf6 5. Nf3 e6 6. Na3 a6 7. Nc4 Nbd7 8. Be2 b5 9. Ne3 Qc6 10. a4 Bb7 11. axb5 axb5 12. Rxa8+ Bxa8 13. dxc5 Bxc5 14. Nd4 Bxd4 15. Qxd4 O-O 16. O-O Rb8 17. Rd1 h6 18. Qa7 Qc8 19. Nc2 Bd5 20. Nb4 Bc4 21. Bf3 Ne5 22. Bc6 Kh7 23. Qc5 Bd5 24. Bf4 Ne4 25. Qe3 Nxc6 26. Nxd5 exd5 27. Bxb8 Nxb8 28. Rxd5 Nf6 29. Qd3+ g6 30. Rxb5 Nbd7 31. h3 Qa6 32. c4 Qe6 33. Qd4 Qe1+ 34. Kh2 Qe6 35. b4 g5 36. f3 Kg7 37. Ra5 Qe1 38. c5 Ne5 39. Ra3 Nc6 40. Qc3 Qxc3 41. Rxc3 Nd5 42. Rd3 Ncxb4 43. Rd4 Kf6 44. c6 Ke7 45. c7 Kd7 46. Rc4 Kc8 47. h4 f6 48. Re4 Kxc7 49. Re8 gxh4 50. Rh8 Kd6 51. Rxh6 Ke6 52. Rxh4 Nc6 53. Re4+ Ne5 54. Ra4 Ne3 55. Ra6+ Kf5 56. g4+ N3xg4+ 57. fxg4+ Nxg4+ 58. Kg3 Ne5 59. Kh4 Kg6 60. Rb6 Nc4 61. Rb1 Ne5 62. Rf1 Nc4 63. Rg1+ Kf5 64. Kh5 Ne5 65. Rf1+ Ke6 66. Kh6 Kf7 67. Kh7 Nc6 68. Rf4 Ne7 69. Kh6 Ng8+ 70. Kh5 Ne7 71. Ra4 Nc6 72. Ra6 Ne7 73. Kh6 Ng8+ 74. Kh7 Ne7 75. Rb6 Nf5 76. Rb7+ Ne7 77. Kh6 Kf8 78. Kh5 Kf7 79. Kg4 Ke6 80. Kf4 Nd5+ 81. Ke4 Ne7 82. Kd4 Nc6+ 83. Ke4 Ne7 84. Rb6+ Kf7 85. Kd4 Nf5+ 86. Kd5 Ne7+ 87. Kc5 Nf5 88. Ra6 Ne7 89. Kd6 Nf5+ 90. Kd7 Ne7 91. Rb6 Nf5 92. Rb7 Ng7 93. Kc6+ Kg6 94. Kd5 Nf5 95. Ra7 Ng7 96. Ke4 Ne6 97. Re7 Ng7 98. Kf4 Nh5+ 99. Kg4 Ng7 100. Ra7 1/2-1/2

[Event "45th FIDE Womens Olympiad 2024"]
[Site "Budapest"]
[Date "2024.09.13"]
[Round "3.22"]
[White "Ushenina, Anna"]
[Black "Klinova, Masha"]
[Result "1-0"]
[ECO "A41"]
[WhiteElo "2417"]
[BlackElo "2227"]
[Annotator "RC"]
[PlyCount "151"]
[EventDate "2024.09.05"]
[EventType "team-tourn"]
[EventCountry "HUN"]
[SourceTitle "playchess.com"]
[Source "ChessBase"]
[SourceQuality "1"]
[WhiteTeam "Ukraine"]
[BlackTeam "Israel"]
[WhiteTeamCountry "UKR"]
[BlackTeamCountry "ISR"]
[TimeControl "40/5400+30:1800+30"]

1. d4 d6 2. Nf3 g6 3. c4 Bg7 4. Nc3 Nc6 5. d5 Ne5 6. Nxe5 Bxe5 7. e4 Bg7 8. Be3 e5 9. dxe6 Bxe6 10. Qd2 Nf6 11. Be2 O-O 12. O-O Re8 13. f3 a6 14. Rad1 Rb8 15. b3 Nd7 16. Rf2 Ne5 17. Bf1 f5 18. exf5 gxf5 19. Ne2 Bf7 20. Bg5 Bf6 21. Bxf6 Qxf6 22. Nf4 Kh8 23. Qd4 Rbd8 24. Kh1 Qg7 25. g3 c5 26. Qc3 Nc6 27. Qxg7+ Kxg7 28. Rfd2 Nd4 29. Ne2 Nxf3 30. Rxd6 Rxd6 31. Rxd6 Re7 32. Kg2 Ng5 33. Nf4 Ne4 34. Rd8 Be8 35. Bd3 Bc6 36. Nd5 Re5 37. Bxe4 Rxe4 38. Kf2 Rd4 39. Ke3 b5 40. Rd6 Bxd5 41. cxd5 a5 42. Ra6 Rxd5 43. Rxa5 b4 44. Kf4 Kg6 45. Ra6+ Kg7 46. Rc6 Rd2 47. Rxc5 Rxa2 48. Kxf5 Rf2+ 49. Kg5 h6+ 50. Kg4 Rb2 51. Rc7+ Kg6 52. Rc6+ Kg7 53. Rb6 Rxb3 54. Kh5 Rc3 55. Rb7+ Kf8 56. Kxh6 Rc2 57. Rxb4 Rxh2+ 58. Kg6 Ra2 59. Rb8+ Ke7 60. g4 Ra6+ 61. Kg7 Ra5 62. Rb7+ Ke8 63. Rb8+ Ke7 64. Rb4 Re5 65. Rb7+ Ke8 66. Kf6 Ra5 67. Rb8+ Kd7 68. g5 Ra6+ 69. Kf7 Ra1 70. g6 Rf1+ 71. Kg8 Ke7 72. g7 Rh1 73. Rb4 Ra1 74. Rf4 Rb1 75. Rh4 Kf6 76. Kh8 1-0

[Event "45th FIDE Womens Olympiad 2024"]
[Site "Budapest"]
[Date "2024.09.13"]
[Round "3.23"]
[White "Orian, Noga"]
[Black "Gaponenko, Inna"]
[Result "0-1"]
[ECO "A67"]
[WhiteElo "2187"]
[BlackElo "2324"]
[Annotator "RC"]
[PlyCount "108"]
[EventDate "2024.09.05"]
[EventType "team-tourn"]
[EventCountry "HUN"]
[SourceTitle "playchess.com"]
[Source "ChessBase"]
[SourceQuality "1"]
[WhiteTeam "Israel"]
[BlackTeam "Ukraine"]
[WhiteTeamCountry "ISR"]
[BlackTeamCountry "UKR"]
[TimeControl "40/5400+30:1800+30"]

1. d4 Nf6 2. c4 c5 3. d5 e6 4. Nc3 exd5 5. cxd5 d6 6. e4 g6 7. f4 Bg7 8. Bb5+ Nfd7 9. a4 O-O 10. Nf3 Na6 11. O-O Nb4 12. a5 a6 13. Be2 Re8 14. Kh1 Nf6 15. Nd2 Bd7 16. g4 Bb5 17. Nxb5 axb5 18. Bxb5 Re7 19. Qf3 Nc2 20. Ra4 Rxa5 21. Rxa5 Qxa5 22. Bd3 Nd4 23. Qg2 b5 24. e5 dxe5 25. g5 Nd7 26. Ne4 exf4 27. Bxf4 c4 28. Bd6 Re8 29. Qf2 Nf5 30. Nf6+ Nxf6 31. Bxf5 Qd8 32. gxf6 Qxd6 33. Be6 Bh6 34. Qa7 Rf8 35. Qe7 Qb6 36. Rd1 Qf2 37. Bg4 Bg5 38. Qe2 Qxe2 39. Bxe2 Bxf6 40. b3 cxb3 41. Bxb5 b2 42. Kg2 Rc8 43. Bc6 Rb8 44. Rb1 Rb4 45. h3 Rc4 46. Bb5 Rc5 47. Bd3 Rxd5 48. Be4 Rd2+ 49. Kf1 Bc3 50. Kg1 f5 51. Bf3 Rc2 52. Bd5+ Kg7 53. Ba2 Rc1+ 54. Kg2 Kf6 0-1

[Event "45th FIDE Womens Olympiad 2024"]
[Site "Budapest"]
[Date "2024.09.13"]
[Round "3.24"]
[White "Doluhanova, Evgeniya"]
[Black "Levitan, Ronit"]
[Result "1/2-1/2"]
[ECO "C45"]
[WhiteElo "2304"]
[BlackElo "2137"]
[Annotator "RC"]
[PlyCount "128"]
[EventDate "2024.09.05"]
[EventType "team-tourn"]
[EventCountry "HUN"]
[SourceTitle "playchess.com"]
[Source "ChessBase"]
[SourceQuality "1"]
[WhiteTeam "Ukraine"]
[BlackTeam "Israel"]
[WhiteTeamCountry "UKR"]
[BlackTeamCountry "ISR"]
[TimeControl "40/5400+30:1800+30"]

1. e4 e5 2. Nf3 Nc6 3. d4 exd4 4. Nxd4 Nf6 5. Nxc6 bxc6 6. Bd3 d5 7. exd5 cxd5 8. O-O Be7 9. h3 O-O 10. Nc3 c6 11. Re1 Bd6 12. Qf3 Rb8 13. b3 Bb4 14. Bd2 d4 15. Ne4 Bxd2 16. Nxd2 c5 17. Re5 Qc7 18. Rae1 Be6 19. Qg3 h6 20. Bc4 Bxc4 21. Nxc4 Nd7 22. Rd5 Qxg3 23. fxg3 Nb6 24. Rxc5 Nxc4 25. Rxc4 Rfc8 26. Rxc8+ Rxc8 27. Re2 Rc3 28. Rd2 Kf8 29. Rxd4 Rxc2 30. Ra4 Rc7 31. Re4 Rc2 32. a4 a5 33. Re3 f6 34. g4 Kf7 35. Kh2 g5 36. Kg3 Rd2 37. Kf3 Rc2 38. g3 Rh2 39. Rc3 Ke6 40. Rc6+ Ke7 41. Rb6 Rc2 42. h4 Rc3+ 43. Kg2 Rc2+ 44. Kh3 Rb2 45. Rb7+ Ke6 46. h5 Rc2 47. Rb5 Rb2 48. Rxa5 Rxb3 49. Ra6+ Kf7 50. a5 Ra3 51. Ra8 Ra2 52. Ra7+ Kg8 53. a6 Kh8 54. Re7 Rxa6 55. Kg2 Kg8 56. Kf3 Ra4 57. Rd7 Rb4 58. Ra7 Rc4 59. Ra6 Kf7 60. Ra7+ Kg8 61. Re7 Ra4 62. Rd7 Rb4 63. Re7 Ra4 64. Rd7 Rb4 1/2-1/2